 Dungeon Crawl Stone Soup version 0.31-a0-744-gbc345e7fcb (webtiles) character file.

Game seed: 11479956638394401760

480 Dittersdorf the Shield-Bearer (level 7, -4/44 HPs)
             Began as a Gargoyle Fighter on Sept 13, 2023.
             Was an Initiate of Okawaru.
             Slain by an ogre
             ... wielding a +0 giant club
              (26 damage)
             ... on level 5 of the Dungeon.
             The game lasted 00:05:21 (3316 turns).

Dittersdorf the Shield-Bearer (Gargoyle Fighter)    Turns: 3316, Time: 00:05:21

Health: -4/44      AC: 22    Str: 27    XL:     7   Next: 11%
Magic:  7/7        EV:  8    Int:  9    God:    Okawaru [......]
Gold:   250        SH:  4    Dex:  9    Spells: 6/6 levels left

rFire   . . .        a - +0 flail
rCold   . . .        c - +0 buckler
rNeg    + . .        e - +3 chain mail
rPois   ∞            l - +0 helmet
rElec   +            (no cloak)
rCorr   .            (no gloves)
SInv    .            (no boots)
Will    .....        (no amulet) Stlth
                     h - +6 ring of strength
HPRegen 0.27/turn    p - +4 ring of protection
MPRegen 0.10/turn

%: no passive effects
@: no status effects
A: sickness immunity, AC +4, negative energy resistance 1, electricity
resistance, torment resistance 1, petrification resistance
a: Renounce Religion


You were on level 5 of the Dungeon.
You worshipped Okawaru.
Okawaru was noncommittal.
You visited 2 branches of the dungeon, and saw 6 of its levels.

You collected 250 gold pieces.

Inventory:

Hand Weapons
 a - a +0 flail (weapon)
Missiles
 f - 9 poisoned darts (quivered)
Armour
 c - a +0 buckler (worn)
 e - a +3 chain mail (worn)
 l - a +0 helmet (worn)
Jewellery
 h - a +6 ring of strength (left hand)
 p - a +4 ring of protection (right hand)
 x - a ring of protection from cold
 y - a ring of fire
Wands
 n - a wand of roots (8)
 q - a wand of flame (37)
Scrolls
 g - 3 scrolls of poison {unknown}
 m - 5 scrolls of blinking {unknown}
 r - a scroll of immolation {unknown}
Potions
 b - a potion of magic {unknown}
 d - a potion of might
 i - 2 potions of brilliance {unknown}
 j - 5 potions of curing {unknown}
 k - 2 potions of resistance {unknown}
 o - a potion of experience {unknown}
 s - a potion of ambrosia
 t - a potion of cancellation
 u - a potion of mutation
 z - a potion of heal wounds


   Skills:
 + Level 5.1 Fighting
 + Level 4.1 Maces & Flails
 + Level 5.0 Armour
 + Level 5.1 Shields


You had 6 spell levels left.
You didn't know any spells.
Your spell library was empty.

Dungeon Overview and Level Annotations

Branches:
Dungeon (5/15)             Temple (1/1) D:5

Altars:
Cheibriados
Elyvilon
Fedhas
Gozag
Makhleb
Okawaru
Qazlal
Sif Muna
Uskayaw
Vehumet
Wu Jian
Xom
Yredelemnul
Zin
The Shining One

Shops:
D:2 !


Innate Abilities, Weirdness & Mutations

You are immune to sickness and miasma.
Your stone body is resilient. (AC +4)
You are immune to poison.
You resist negative energy. (rN+)
You are resistant to electric shocks. (rElec)
You are resistant to unholy torment.
You are immune to petrification.


Message History

The adder attacks as it pursues you! The adder closely misses you.
You block the adder's attack. The adder attacks as it pursues you!
The adder closely misses you. The adder attacks as it pursues you!
The adder bites you but does no damage. The adder attacks as it pursues you!
The adder bites you but does no damage. The adder attacks as it pursues you!
The adder bites you but does no damage. You block the adder's attack.
There is a stone staircase leading up here.
The adder bites you but does no damage.
You climb upwards.
There is a stone staircase leading down here.
You sock the adder!
You kill the adder!
Okawaru accepts your kill.
There is a stone staircase leading down here.
You start resting.
HP restored.
You climb downwards.
The ogre hits you with a +0 giant club!!
Ouch! That really hurt!
There is a stone staircase leading up here.
You are too injured to fight recklessly!
You are too injured to fight recklessly!
You are too injured to fight recklessly!
You are too injured to fight recklessly!
You are too injured to fight recklessly!
You are too injured to fight recklessly!
You are too injured to fight recklessly!
You are too injured to fight recklessly!
You are too injured to fight recklessly!
You are too injured to fight recklessly!
You are too injured to fight recklessly!
You are too injured to fight recklessly!
You are too injured to fight recklessly!
You are too injured to fight recklessly!
You sock the ogre!
The ogre is severely wounded.
The ogre hits you with a +0 giant club!!
Ouch! That really hurt!
You die...

....#.... ###### ........#
#..... ##.## #.#### #...#
#.# #...# ########.# #...#
#........# #...# #.###.##.#
# #..O#####........# ##
#.#####÷..@......##.##.# #.
.#................##.##.###.
............................
#......................###.
..###>.........#.......# #.
# #.#...#.####.......# ##
#.#...#.# #.......#
#.#...#.# #.......####
#.......# #.......##.#


You could see an ogre.

Vanquished Creatures
  Eustachio (D:5)
  A howler monkey (D:4)
  3 hounds
  An iguana (D:5)
  8 adders
  2 worms (D:2)
  6 dart slugs
  An orc (D:5)
  7 endoplasms
  6 giant cockroaches
  10 goblins
  6 hobgoblins
  9 jackals
  4 quokkas
  11 ball pythons
  4 ball python skeletons (D:2)
  4 bats
  5 frilled lizards
  8 kobolds
  A quokka skeleton (D:2)
  9 rats
107 creatures vanquished.

Notes
Turn   | Place    | Note
-------+----------+-------------------------------------------
     0 | D:1      | Dittersdorf the Gargoyle Fighter began the quest for the
                  | Orb.
     0 | D:1      | Reached XP level 1. HP: 14/14 MP: 1/1
   258 | D:1      | Reached XP level 2. HP: 19/19 MP: 2/2
   518 | D:1      | Reached XP level 3. HP: 23/23 MP: 3/3
  1107 | D:2      | Reached XP level 4. HP: 29/29 MP: 4/4
  1586 | D:2      | Found Boopefa's Distillery.
  1825 | D:3      | Found an ornate altar of the Wu Jian Council.
  2093 | D:3      | Reached XP level 5. HP: 33/33 MP: 5/5
  2443 | D:4      | Reached XP level 6. HP: 34/39 MP: 6/6
  2812 | D:5      | Entered Level 5 of the Dungeon
  2888 | D:5      | Noticed Eustachio
  2908 | D:5      | Killed Eustachio
  2909 | D:5      | Reached skill level 5 in Shields
  2926 | D:5      | Found a white marble altar of Elyvilon.
  3002 | D:5      | Reached skill level 5 in Fighting
  3002 | D:5      | Reached skill level 5 in Armour
  3002 | D:5      | Reached XP level 7. HP: 44/44 MP: 7/7
  3125 | D:5      | Found a staircase to the Ecumenical Temple.
  3134 | Temple   | Entered the Ecumenical Temple
  3142 | Temple   | Became a worshipper of Warmaster Okawaru
  3316 | D:5      | Slain by an ogre

Illustrated notes

Levels and vault maps discovered:
D:1:      tekkud_arrival_beachfront_property, layout_loops_corners,
          minmay_tromino_v2
D:2:      layout_loops_ring, serial_shops, nicolae_shop_industrial_runoff,
          serial_undead, serial_undead_f, serial_undead_b, serial_undead_c,
          serial_undead_d, serial_undead_b, serial_undead_c
D:3:      layout_rooms, overflow_temple_1_default, corner_web_ring
D:4:      layout_cave_pools, minmay_misc_feat_hallway, minmay_strange_pillars
D:5:      layout_loops_cross, nicolae_elyvilon_peaceful_grove,
          minmay_temple_entry_statues_fountains, uniq_eustachio
Temple:   hellmonk_temple_forest_ring

Skill      XL: |  1  2  3  4  5  6 |
---------------+-------------------+-----
Shields        | 4 5 |  5.1
Fighting       | 4 5 |  5.1
Armour         | 4 5 |  5.0
Maces & Flails | 3 4 |  4.1

Action                     |  1- 3 |  4- 6 |  7- 9 || total
---------------------------+-------+-------+-------++-------
  Melee: Flail             |   108 |   264 |    18 ||   390
  Throw: Dart              |       |     3 |       ||     3
    Use: Scroll            |       |     8 |       ||     8
 Armour: Chain mail        |    82 |   218 |    19 ||   319
         Scale mail        |     2 |       |       ||     2
  Dodge: Dodged            |    40 |   121 |     8 ||   169
  Block: Buckler           |    21 |    75 |     3 ||    99

Table legend: (Time is in decaauts)
 A = Elapsed time spent in this place.
 B = Non-inter-level travel time spent in this place.
 C = Inter-level travel time spent in this place.
 D = Time resting spent in this place.
 E = Time spent auto-exploring this place.
 F = Levels seen in this place.
 G = Mean time per level.
                   A        B        C        D        E       F      G
               +--------+--------+--------+--------+--------+-----+--------+
         Total |   3429 |   3294 |    135 |    252 |   2136 |   6 |  571.5 |
       Dungeon |   3412 |   3291 |    121 |    252 |   2136 |   5 |  682.4 |
        Temple |     16 |      2 |     14 |      0 |      0 |   1 |   16.0 |
               +--------+--------+--------+--------+--------+-----+--------+

Top non-repeatable levels by time:
     D:1: 1013 daAuts
     D:2: 768 daAuts
     D:4: 689 daAuts
     D:3: 563 daAuts
     D:5: 377 daAuts
  Temple: 16 daAuts
